 Dungeon Crawl Stone Soup version 0.30.0-29-ga12c61a403 (webtiles) character file.

Game seed: 8046757250166754524

411 Descartes the Ducker (level 6, -11/25 HPs)
             Began as a Felid Transmuter on June 10, 2023.
             Killed by divine providence
             ... invoked by an orc priest
              (15 damage)
             ... on level 3 of the Dungeon.
             The game lasted 00:04:25 (2062 turns).

Descartes the Ducker (Felid Transmuter)             Turns: 2062, Time: 00:04:26

Health: -11/25     AC:  2    Str:  8    XL:     6   Next: 58%
Magic:  9/10       EV: 20    Int: 15    God:
Gold:   69         SH:  0    Dex: 16    Spells: 8/9 levels left
                                        Lives:  0   Deaths: 1

rFire   . .          .
                       - Unarmed
rCold   . . .        (shield unavailable)
rNeg    . . .        (body armour unavailable)
rPois   .            (helmet unavailable)
rElec   .            (cloak unavailable)
rCorr   .            (gloves unavailable)
SInv    +            (boots unavailable)
Will    .....        (no amulet)
Stlth   +            (no ring)
HPRegen 0.24/turn    (no ring)
MPRegen 0.12/turn

%: no passive effects
@: appendages, quick
A: horns 2, very small, claws 1, fangs 3, see invisible, speed 1, shaggy fur 2,
stealthy paws, no weapons or thrown items, no armour, multi-lived
a: End Transformation


You were on level 3 of the Dungeon.
You had temporarily grown beastly horns.
You visited 1 branch of the dungeon, and saw 3 of its levels.

You collected 69 gold pieces.

Inventory:

Scrolls
 e - 3 scrolls of teleportation
Potions
 b - a potion of berserk rage {unknown}
 d - a potion of brilliance {unknown}
 f - a potion of curing
 g - a potion of attraction {unknown}


   Skills:
 - Level 1.0 Fighting
 + Level 6.0 Dodging
 + Level 5.0 Unarmed Combat
 - Level 2.0 Spellcasting
 + Level 5.0 Transmutations


You had 8 spell levels left.
You knew the following spells:

 Your Spells              Type           Power      Damage    Failure   Level
a - Beastly Appendage     Tmut           32%        N/A       2%          1

Your spell library contained the following spells:

 Spells                   Type           Power      Damage    Failure   Level
 Wereblood                Tmut           16%        N/A       4%          2
 Spider Form              Tmut/Pois      9%         N/A       24%         3
 Dazzling Flash           Conj/Hex       2%         N/A       54%         3
 Hailstorm                Conj/Ice       1%         3d3       54%         3
 Volatile Blastmotes      Fire/Tloc      2%         2d10      54%         3
 Ice Form                 Ice/Tmut       9%         N/A       61%         4
 Fulminant Prism          Conj/Hex       0%         3d5       91%         4
 Iskenderun's Mystic Bla  Conj/Tloc      1%         2d3       91%         4
 Lee's Rapid Deconstruct  Erth           0%         3d4*      99%         5
 Simulacrum               Ice/Necr       0%         N/A       100%        6
 Starburst                Conj/Fire      0%         6d3       100%        6


Dungeon Overview and Level Annotations

Branches:
Dungeon (3/15)

Altars:

Shops:
D:1 [   D:2 =![?


Innate Abilities, Weirdness & Mutations

You have temporarily grown beastly horns.
You have sharp claws.
You have razor-sharp teeth.
You have supernaturally acute eyesight. (SInv)
You cover ground quickly. (Speed+)
You are covered in thick fur. (AC +2)
Your paws help you pounce on unaware monsters.
You are incapable of wielding weapons or throwing items.
You cannot wear armour.
You gain extra lives every three experience levels.


Message History

You assume a fearsome visage.
Nothing appears to happen.
It was a scroll of fear.
As you read the scroll labelled BAZOVVETHAA, it crumbles to dust.
The air around you briefly surges with heat, but it dissipates.
It was a scroll of immolation.
Unknown command.
Your surroundings suddenly seem different.
Magic restored.
Your transformation is almost over.
An orc priest comes into view. It is wielding a +0 short sword.
The orc priest shouts!
You hear a shout!
An orc comes into view. It is wielding a +0 dagger.
Casting: Beastly Appendage (safe; 3% risk of failure)
Confirm with . or Enter, or press ? or * to list all spells.
You extend your transformation's duration.
An orc comes into view. It is wielding a +0 hand axe.
An orc comes into view. It is wielding a +0 club.
The orc shouts! x2
The orc priest calls down the wrath of Beogh upon you.
Pain shoots through your body!
The orc priest invokes the aid of Beogh against you.
Beogh smites you!
Ouch! That really hurt!
* * * LOW HITPOINT WARNING * * *
You are too injured to fight recklessly!
You are too injured to fight recklessly!
You barely miss the orc priest. Your headbutt misses the orc priest.
The orc priest completely misses you.
You closely miss the orc priest. You headbutt the orc priest!
The orc priest is heavily wounded.
You scratch the orc priest. You headbutt the orc priest.
You kill the orc priest!
Your Dodging skill increases to level 6!
Your Transmutations skill increases to level 5!
You barely miss the orc. The orc barely misses you. x2
You closely miss the orc. Your headbutt misses the orc. The orc misses you.
The orc priest mumbles some strange prayers to Beogh against you.
Beogh smites you!
Ouch! That really hurt!
You die...

#.#.## #. ########.....
#... #........#.## #...
#.######.#### #...
####.######..... #...
#...........####
####...#####.##.....##.....
o........o....#............
......)..o@................
......†..oo...#............
####..[#####.###....#......
#... #...........#### #...
#####..###.## #... #.(....#
#... ##.##### #... #.# ....
#.#####


You could see an orc priest and 3 orcs.

Vanquished Creatures
  Sigmund (D:3)
  Pargi (D:3)
  A scorpion (D:3)
  An orc priest (D:3)
  4 gnolls
  2 adders (D:2)
  A worm (D:2)
  2 dart slugs (D:1)
  7 endoplasms
  4 giant cockroaches
  6 goblins
  5 hobgoblins
  2 quokkas
  2 ball pythons (D:1)
  2 bats (D:2)
  3 frilled lizards (D:1)
  6 kobolds
  3 rats
53 creatures vanquished.

Notes
Turn   | Place    | Note
-------+----------+-------------------------------------------
     0 | D:1      | Descartes the Felid Transmuter began the quest for the Orb.
     0 | D:1      | Reached XP level 1. HP: 9/9 MP: 4/4
   142 | D:1      | Reached skill level 3 in Dodging
   185 | D:1      | Found a faded altar of an unknown god.
   192 | D:1      | Reached XP level 2. HP: 12/12 MP: 4/6
   402 | D:1      | Found Jopilips's Antique Armour Boutique.
   541 | D:1      | Reached XP level 3. HP: 15/15 MP: 5/7
   785 | D:2      | Found Zicitsefu's Distillery.
   831 | D:2      | Found Fareraodd's Armour Shop.
   899 | D:2      | Found Ohoanu's Magic Scroll Shoppe.
  1192 | D:2      | Reached skill level 4 in Dodging
  1192 | D:2      | Reached XP level 4. HP: 18/19 MP: 6/8
  1256 | D:2      | Found Faecs's Jewellery Emporium.
  1796 | D:3      | Noticed a scorpion
  1809 | D:3      | Killed a scorpion
  1809 | D:3      | Frozen to death by an endoplasm
  1810 | D:3      | Reached XP level 3. HP: 0/15 MP: 7/7
  1810 | D:3      | Reached XP level 4. HP: 19/19 MP: 8/8
  1878 | D:3      | Noticed Sigmund
  1883 | D:3      | Noticed Pargi
  1890 | D:3      | Killed Sigmund
  1891 | D:3      | Reached skill level 5 in Dodging
  1891 | D:3      | Reached XP level 5. HP: 16/22 MP: 9/9
  1891 | D:3      | Gained mutation: You are covered in thick fur. (AC +2)
                  | [Felid growth]
  1891 | D:3      | Reached XP level 6. HP: 18/25 MP: 10/10
  1898 | D:3      | Killed Pargi
  1899 | D:3      | Reached skill level 5 in Unarmed Combat
  2061 | D:3      | Reached skill level 6 in Dodging
  2061 | D:3      | Reached skill level 5 in Transmutations
  2062 | D:3      | Killed from afar by an orc priest

Illustrated notes

Levels and vault maps discovered:
D:1:      wander_arrival_estate, layout_basic,
          nicolae_ecumenical_snake_handling, serial_shops,
          nicolae_shop_tiny_statue_garden, minmay_cupped
D:2:      layout_basic, serial_shops, shop, nicolae_shop_hallway_plus,
          nicolae_shop_hallway_stairs, nicolae_shop_hallway_stairs
D:3:      layout_loops_cross, portal_sewer_entry_b, uniq_sigmund, uniq_pargi

Skill      XL: |  1  2  3  4  5  6 |
---------------+-------------------+-----
Dodging        | 3 4 5 6 |  6.0
Transmutations | 3 4 5 |  5.0
Unarmed Combat | 4 5 |  5.0
Fighting       | |  1.0
Spellcasting   | |  2.0

Action                     |  1- 3 |  4- 6 || total
---------------------------+-------+-------++-------
  Melee: Unarmed           |    97 |    50 ||   147
         Headbutt          |    17 |     7 ||    24
         Bite              |     9 |     5 ||    14
         Punch             |     3 |       ||     3
   Cast: Beastly Appendage |    25 |     9 ||    34
    Use: Potion            |       |     2 ||     2
         Scroll            |       |     3 ||     3
   Stab: Sleeping          |     1 |       ||     1
 Armour: Skin              |     4 |    18 ||    22
  Dodge: Dodged            |    74 |    27 ||   101
